 Dungeon Crawl Stone Soup version 0.15-a0-910-gf78ccf3 (webtiles) character file.

255177 primenumbers3 the Swashbuckler (level 19, -6/107 HPs)
             Began as a Vine Stalker Berserker on May 14, 2014.
             Was the Champion of Trog.
             Killed from afar by a deep elf death mage (17 damage)
             ... with a bolt of negative energy
             ... on Level 3 of the Elven Halls on May 20, 2014.
             The game lasted 07:18:36 (38035 turns).

primenumbers3 the Swashbuckler (VSBe)              Turns: 38035, Time: 07:18:36

HP  -6/107       AC 29     Str 30      XL: 19   Next: 77%
MP   0/33        EV  7     Int  9      God: Trog [******]
Gold 1182        SH 29     Dex 18      Spells:  0 memorised, 18 levels left

rFire  + + .     SeeInvis +     D - +10,+6 quick blade
rCold  + . .     Clarity  .     E - +3 plate armour {rF+}
rNeg   + . .     Conserve .     a - +0 shield {reflect}
rPois  +         rCorr    +     P - +1 helmet of Tetops {rN+ Acc+5}
rElec  +         rRot     +     p - +1 cloak {rC+}
SustAb .         Spirit   +     W - +2 pair of gloves {Dex+3}
rMut   .         Warding  .     v - +2 pair of boots {run}
Gourm  .         Stasis   .     k - amulet "Istrigh" {rCorr rPois}
MR     ++++.                    j - ring of Cuhetici {Wiz rElec rF+ MR++ Int+2 SInv}
                                F - ring of the Jolly Ghosts {Str+4 Dex-1 SInv}

@: about to teleport, exhausted, slowed, heavily drained, very slow, incredibly
resistant to hostile enchantments, extremely unstealthy
A: fangs 3, regeneration 3, magic shield, antimagic bite, no device heal 2
a: Burn Spellbooks, Berserk, Trog's Hand, Brothers in Arms, Renounce Religion
}: 2/15 runes: decaying, serpentine


You were on level 3 of the Elven Halls.
You worshipped Trog.
Trog was exalted by your worship.
You were not hungry.

You visited 6 branches of the dungeon, and saw 36 of its levels.
You visited the Abyss 1 time.
You also visited: Labyrinth and Ice Cave.

You collected 3338 gold pieces.
You spent 2156 gold pieces at shops.


Innate Abilities, Weirdness & Mutations

You are immune to rotting.
You have razor-sharp teeth.
You regenerate.
When hurt, damage is shared between your health and your magic reserves.
Your bite disrupts and absorbs the magic of your enemies.
Potions and wands cannot restore your health.


   Skills:
 + Level 14.6(12.4) Fighting
 + Level 17.6(15.2) Short Blades
 + Level 13.0(10.8) Armour
 - Level 1.6(0.0) Dodging
 * Level 14.4(12.1) Shields
 - Level 11.3(9.2) Evocations


You had 18 spell levels left.
You didn't know any spells.

Dungeon Overview and Level Annotations

Branches:
Dungeon (11/15)            Temple (0/1) D:6             Orc (4/4) D:11
    Elf (3/3) Orc:3          Lair (8/8) D:8           Swamp (5/5) Lair:5
  Snake (5/5) Lair:6        Slime (0/6) Lair:8

Altars:
Dithmenos
Fedhas
Gozag
Kikubaaqudgha
Makhleb
Okawaru
Vehumet
The Shining One
Beogh
Jiyva

Shops:
D:4 *   D:5 %   Orc:1 :[   Orc:4 (:*[   Elf:3 ?   Snake:2 :

Portals:
Hell: Lair:8

Inventory:

Hand weapons
 u - a +0,+4 short sword of flaming
   (Trog gifted it to you on level 1 of the Swamp)
 D - a +10,+6 quick blade (weapon)
   (Trog gifted it to you on level 11 of the Dungeon)
 Z - a +1,+3 short sword of holy wrath
   (You took it off Harold on level 10 of the Dungeon)
Armour
 a - a +0 shield of reflection (worn)
   (You took it off Donald on level 1 of the Snake Pit)
 p - a +1 cloak of cold resistance (worn)
   (You found it in an ice cave)
 v - a +2 pair of boots of running (worn)
   (You bought it in a shop on level 1 of the Orcish Mines)
 E - a +3 plate armour of fire resistance (worn)
   (You took it off Louise on level 5 of the Swamp)
 P - the +1 helmet of Tetops (worn) {rN+ Acc+5}
   (You acquired it on level 1 of the Swamp)

   It affects your accuracy with ranged weapons and melee attacks (+5).
   It protects you from negative energy.
 W - a +2 pair of gloves of dexterity (worn)
   (You found it in a labyrinth)
Magical devices
 e - a wand of paralysis (18)
   (You found it on level 6 of the Lair of Beasts)
 g - a wand of cold (9)
   (You found it on level 1 of the Elven Halls)
 m - a wand of paralysis (10)
   (You found it on level 2 of the Elven Halls)
 q - a wand of fireball (4)
   (You found it on level 3 of the Swamp)
 r - a wand of paralysis (12)
   (You found it on level 10 of the Dungeon)
 x - a wand of lightning (6)
   (You found it on level 6 of the Dungeon)
 z - a wand of teleportation (9)
   (You found it on level 5 of the Snake Pit)
 C - a wand of enslavement (5)
   (You found it on level 2 of the Snake Pit)
 J - a wand of fire (2)
   (You found it on level 5 of the Lair of Beasts)
 K - a wand of teleportation (8)
   (You found it on level 11 of the Dungeon)
 L - a wand of disintegration (8)
   (You found it on level 2 of the Snake Pit)
 R - a wand of paralysis (10)
   (You found it in a labyrinth)
 V - a wand of teleportation (8)
   (You took it off Agnes on level 3 of the Snake Pit)
 X - a wand of frost (14)
   (You found it on level 2 of the Snake Pit)
Comestibles
 c - 12 bread rations
 f - 10 meat rations
Scrolls
 b - a scroll of brand weapon
 h - a scroll of fear
 l - 5 scrolls of identify
 n - a scroll of recharging
 o - 3 scrolls of remove curse
 M - 3 scrolls of teleportation
 N - 6 scrolls of fog
Jewellery
 d - a cursed ring of stealth {unknown}
   (You found it on level 3 of the Elven Halls)
 j - the ring of Cuhetici (right hand) {Wiz rElec rF+ MR++ Int+2 SInv}
   (You found it on level 2 of the Elven Halls)

   [ring of wizardry]

   It improves your spell success rate.
   It affects your intelligence (+2).
   It protects you from fire.
   It insulates you from electricity.
   It affects your resistance to hostile enchantments.
   It enhances your eyesight.
 k - the amulet "Istrigh" (around neck) {rCorr rPois}
   (You found it on level 1 of the Snake Pit)

   [amulet of resist corrosion]

   It protects you from acid and corrosion.
   It protects you from poison.
 s - an uncursed ring of protection from magic
   (You found it on level 3 of the Dungeon)
 w - an uncursed ring of flight {unknown}
   (You took it off a deep elf annihilator on level 3 of the Elven Halls)
 y - an uncursed ring of positive energy
   (You found it on level 3 of the Swamp)
 F - the ring of the Jolly Ghosts (left hand) {Str+4 Dex-1 SInv}
   (You bought it in a shop on level 4 of the Orcish Mines)

   [ring of see invisible]

   It affects your strength (+4).
   It affects your dexterity (-1).
   It enhances your eyesight.
 G - an uncursed ring of protection from cold
   (You found it on level 8 of the Lair of Beasts)
 I - an uncursed ring of ice
   (You found it on level 1 of the Lair of Beasts)
 T - an uncursed ring of protection from fire
   (You found it in a labyrinth)
Potions
 i - 2 potions of curing
Miscellaneous
 t - a lamp of fire
   (You took it off a red devil on level 8 of the Lair of Beasts)
 H - a stone of tremors
   (You found it on level 1 of the Abyss)
Rods
 Y - a +8 rod of ignition (14/14) {!a}
   (You found it in a labyrinth)

**######* *,$:)$)|#### *
*#[$$$($?%)### *******
***
*#$![e$$@:e)#**,,,,,***,,
###$..e...['....},,,,+,,
####|)ยค#####.,,,,*****
##### ***.*** * #.# #.#
*###* #.# *)[.* #.# *.).*
#.#


You could see a deep elf blademaster, a deep elf annihilator and a deep elf
death mage.


Message History

The deep elf fighter looks frightened!
The deep elf sorcerer points at you and mumbles some strange words.
The bolt of negative energy hits you! You partially resist.
You feel drained.
The deep elf fighter mumbles some strange words.
The deep elf fighter flickers and vanishes for a moment.
You are too injured to fight recklessly!
The deep elf fighter zaps a wand.
The bolt of negative energy hits you! You partially resist.
You feel drained.
* * * LOW HITPOINT WARNING * * *
The deep elf sorcerer points at you and mumbles some strange words.
The bolt of negative energy hits you! You partially resist.
You feel drained.
* * * LOW HITPOINT WARNING * * *
The deep elf sorcerer casts a spell at you.
The bolt of negative energy hits you! You partially resist.
You feel drained.
Things that are here:
a dagger; an elf corpse Read which item? (? for menu, Esc to quit)
As you read the scroll of teleportation, it crumbles to dust.
You feel strangely unstable.
The deep elf sorcerer points at you and mumbles some strange words.
The bolt of negative energy hits you! You partially resist.
You feel drained.
* * * LOW HITPOINT WARNING * * *
Items here: % ( )) an uncursed scimitar; an uncursed longbow; an elf corpse; 13 arrows of frost Your surroundings suddenly seem different.
A deep elf demonologist comes into view.
It is wielding a long sword.
The deep elf demonologist shouts!
A deep elf blademaster comes into view. It is wielding two short swords.
The deep elf blademaster shouts!
The deep elf demonologist casts a spell.
The deep elf sorcerer gestures wildly while chanting.
The deep elf sorcerer seems to speed up.
The deep elf demonologist gestures wildly while chanting.
Found four items.
Read which item? (? for menu, Esc to quit)
As you read the scroll of teleportation, it crumbles to dust.
You feel strangely unstable.
The deep elf sorcerer gestures wildly while chanting.
You block the deep elf blademaster's attack. x2
The deep elf demonologist hits you with a long sword.
* * * LOW HITPOINT WARNING * * *
The green death gestures at you. The blast of poison hits you! You resist.
* * * LOW HITPOINT WARNING * * *
The red devil hits you but does no damage.
You block the deep elf blademaster's attack.
The deep elf blademaster hits you but does no damage.
The red devil hits you from afar with a trident.
* * * LOW HITPOINT WARNING * * *
The deep elf blademaster hits you but does no damage.
The deep elf blademaster hits you with a short sword.
* * * LOW HITPOINT WARNING * * *
You are too injured to fight recklessly!
Your surroundings suddenly seem different.
A deep elf annihilator comes into view. It is wielding a short sword.
The deep elf annihilator shouts!
A deep elf death mage comes into view. It is wielding a short sword.
The deep elf death mage shouts!
The deep elf death mage picks up a potion of curing.
The deep elf annihilator gestures wildly while chanting.
The deep elf annihilator blinks!
Found nineteen items.
A deep elf blademaster comes into view.
It is wielding a runed short sword and a short sword.
You see here 19 gold pieces.
Read which item? (? for menu, Esc to quit)
As you read the scroll of teleportation, it crumbles to dust.
You feel strangely unstable.
The deep elf death mage casts a spell at you.
The bolt of negative energy hits you! You partially resist.
You feel drained.
You die...

Action                   |  1- 3 |  4- 6 |  7- 9 | 10-12 | 13-15 | 16-18 | 19-21 || total
-------------------------+-------+-------+-------+-------+-------+-------+-------++-------
Melee: Short sword       |    74 |   167 |   426 |    44 |   140 |    80 |       ||   931
       Cutlass           |       |       |       |   836 |   867 |       |       ||  1703
       Quick blade       |       |       |       |       |  1174 |  1983 |   494 ||  3651
Invok: Trog's Hand       |     1 |     2 |       |       |       |     1 |       ||     4
       Berserk           |     1 |     3 |     5 |     8 |    11 |    12 |     1 ||    41
       Burn Spellbooks   |       |       |     1 |       |     3 |     3 |     4 ||    11
 Abil: Evoke Blink       |       |       |       |       |       |     1 |       ||     1
Evoke: Wand              |       |       |     3 |    11 |     7 |    26 |     5 ||    52
       Rod               |       |       |       |       |     2 |    14 |       ||    16
  Use: Scroll            |       |     7 |    10 |     6 |    29 |    21 |     6 ||    79
       Potion            |       |       |       |     2 |     2 |     8 |       ||    12
 Stab: Fleeing           |       |       |       |       |     1 |       |       ||     1
       Paralysed         |       |       |       |       |     1 |       |       ||     1

Vault maps used:
D:1:      eino_arrival_cavern_d, st_stairs_12, kennysheep_another_room
D:2:      patterned_corridor, uniq_sigmund
D:3:      lemuel_doored_altar, grunt_temple_overflow_open
D:4:      nicolae_overflow_hidden_temple, serial_shops,
          nicolae_shop_statue_plus, serial_glass, glass_columns_a,
          glass_columns_a, kennysheep_small_circle
D:5:      serial_shops, nicolae_shop_temple_entry_statues_fountains,
          first_bread, uniq_natasha
D:6:      minmay_temple_entry_poolview, uniq_edmund
D:7:      fedhas_altar_3, basic_altar, uniq_duvessa, uniq_eustachio,
          uniq_blork_the_orc
D:8:      erik_lair_boring
D:10:     uniq_harold
D:11:     minmay_orc_entry_temple_small
Orc:1:    basic_altar, serial_shops, shop, shop, statue_in_the_mist_lemuel
Orc:2:    nooodl_orcs_dogs, uniq_josephine
Orc:3:    basic_altar, nicolae_orc_pool_cavern, nicolae_orc_rockfall,
          baited_tele_trap
Orc:4:    basic_altar, grunt_orc_cross
Elf:1:    portal_ice_cave_entry_pillars_01, st_stairs_1
Elf:2:    basic_altar, serial_sigils_hangedman_shear
Elf:3:    minmay_elf_hall, serial_shops, shop, basic_altar, library_closet
Lair:2:   basic_altar, hibernation_bobbens
Lair:3:   lab_entry_generic, eino_house_with_fridge, uniq_rupert
Lair:4:   hibernation_bobbens
Lair:5:   nicolae_swamp_entry_splash_gauntlet, serial_bayou_shore_a
Lair:6:   grunt_forest_large_clearings
Lair:7:   grunt_forest_small_clearings
Lair:8:   evil_forest, dpeg_slime_entry_enclosed_altar, lemuel_fruit_tree,
          uniq_fannar
Swamp:1:  serial_swamp_ruin, evilmike_swamp_ruin_house_5,
          evilmike_swamp_ruin_rubble_1, evilmike_swamp_ruin_house_3,
          swamp_pool1, nicolae_swamp_alligator_family
Swamp:2:  hangedman_swamp_diagram
Swamp:3:  evilmike_swamp_ruin_house_2, infiniplex_staircase_pool
Swamp:4:  evilmike_swamp_ruin_rubble_2, swamp_pool4, nicolae_swamp_snake_nest,
          uniq_jorgrun
Swamp:5:  swamp_icy, swamp_pool1, nicolae_swamp_rocky_clearing, uniq_wiglaf,
          uniq_louise
Snake:1:  basic_altar, uniq_maud, uniq_donald
Snake:2:  serial_shops, nicolae_shop_competitors_out_of_business, uniq_aizul
Snake:3:  uniq_agnes
Snake:4:  st_stairs_11, spider_trap, grunt_megastairs_1
Snake:5:  minmay_snake_end_coiled, uniq_vashnia, uniq_roxanne, uniq_kirke
Lab:      labyrinth_mini_lab, lab_fountain, nicolae_lab_t_cross
IceCv:    ice_cave_small_demon

Notes
Turn   | Place    | Note
--------------------------------------------------------------
     0 | D:1      | primenumbers3, the Vine Stalker Berserker, began the quest for the Orb.
     0 | D:1      | Reached XP level 1. HP: 11/11 MP: 1/1
   134 | D:1      | Reached skill level 3 in Short Blades
   177 | D:1      | Reached XP level 2. HP: 16/16 MP: 3/3
   591 | D:1      | Acquired Trog's second power
   811 | D:2      | Noticed Sigmund
   859 | D:3      | Reached XP level 3. HP: 19/19 MP: 4/4
   906 | D:2      | Killed Sigmund
   906 | D:2      | Reached skill level 4 in Short Blades
   906 | D:2      | Reached XP level 4. HP: 23/23 MP: 5/5
  1213 | D:2      | Reached XP level 5. HP: 17/27 MP: 7/7
  1301 | D:2      | Reached skill level 5 in Short Blades
  1726 | D:3      | Found an ancient bone altar of Kikubaaqudgha.
  1861 | D:3      | Found a glowing golden altar of the Shining One.
  1861 | D:3      | Found a burning altar of Makhleb.
  1863 | D:3      | Found an iron altar of Okawaru.
  2288 | D:4      | Reached skill level 6 in Short Blades
  2288 | D:4      | Gained mutation: You heal very quickly. [vine stalker growth]
  2288 | D:4      | Reached XP level 6. HP: 27/32 MP: 8/8
  2333 | D:4      | Noticed an ogre
  2341 | D:4      | Killed an ogre
  2401 | D:4      | Found Weolopre's Assorted Antiques.
  2577 | D:4      | Noticed a sky beast
  2604 | D:4      | Killed a sky beast
  2604 | D:4      | Reached skill level 7 in Short Blades
  2604 | D:4      | Reached XP level 7. HP: 29/35 MP: 9/9
  2611 | D:4      | Found a shadowy altar of Dithmenos.
  2655 | D:4      | Noticed an ogre
  2662 | D:4      | Killed an ogre
  2787 | D:4      | Found a burning altar of Makhleb.
  2949 | D:5      | Entered Level 5 of the Dungeon
  3062 | D:5      | Noticed Natasha
  3063 | D:5      | Upgraded the game from 0.15-a0-809-g8e1b895 to 0.15-a0-895-g19c7863
  3072 | D:5      | Killed Natasha
  3176 | D:5      | Reached skill level 8 in Short Blades
  3256 | D:5      | Found Apnaleas' Food Shop.
  3256 | D:5      | Noticed Natasha
  3261 | D:5      | Killed Natasha
  3591 | D:5      | Noticed Natasha
  3602 | D:5      | Killed Natasha
  3750 | D:6      | Gained mutation: You have razor-sharp teeth. [vine stalker growth]
  3750 | D:6      | Reached XP level 8. HP: 39/39 MP: 11/11
  3854 | D:6      | Noticed Edmund
  3886 | D:6      | Killed Edmund
  3887 | D:6      | Reached skill level 9 in Short Blades
  3970 | D:6      | Found a staircase to the Ecumenical Temple.
  4262 | D:6      | Reached skill level 3 in Fighting
  4267 | D:6      | Reached skill level 2 in Armour
  4404 | D:7      | Found a blossoming altar of Fedhas.
  4411 | D:7      | Acquired Trog's third power
  4448 | D:7      | Found a blossoming altar of Fedhas.
  4490 | D:7      | Noticed Blork the orc
  4500 | D:7      | Killed Blork the orc
  4500 | D:7      | Reached skill level 1 in Evocations
  4527 | D:7      | Noticed Eustachio
  4576 | D:7      | Killed Eustachio
  4604 | D:7      | Reached XP level 9. HP: 44/44 MP: 14/14
  4713 | D:7      | Reached skill level 10 in Short Blades
  4735 | D:7      | Noticed Duvessa
  4735 | D:7      | Noticed Dowan
  4749 | D:7      | Killed Dowan
  4749 | D:7      | Reached skill level 2 in Evocations
  4753 | D:7      | Killed Duvessa
  4962 | D:8      | HP: 9/45 [killer bee (3)]
  4967 | D:8      | HP: 8/45 [poisoned by a killer bee]
  4973 | D:8      | HP: 7/45 [poisoned by a killer bee]
  4978 | D:8      | HP: 8/45 [poisoned by a killer bee]
  4985 | D:8      | HP: 10/45 [poisoned by a killer bee]
  5004 | D:8      | Noticed oplop's ghost (experienced KoEn)
  5084 | D:8      | Killed oplop's ghost
  5084 | D:8      | Reached skill level 4 in Fighting
  5084 | D:8      | Reached skill level 3 in Armour
  5139 | D:8      | Reached skill level 3 in Evocations
  5608 | D:8      | Reached skill level 4 in Evocations
  5616 | D:8      | Received a gift from Trog
  5642 | D:8      | Reached XP level 10. HP: 47/51 MP: 16/18
  5707 | D:8      | Found a staircase to the Lair.
  5717 | Lair:1   | Entered Level 1 of the Lair of Beasts
  5741 | Lair:1   | Reached skill level 11 in Short Blades
  5741 | Lair:1   | Reached skill level 4 in Armour
  5858 | Lair:1   | Reached skill level 5 in Fighting
  6115 | Lair:1   | Noticed a lindwurm
  6129 | Lair:1   | Killed a lindwurm
  6129 | Lair:1   | Reached skill level 5 in Evocations
  6883 | Lair:2   | Noticed an elephant
  6885 | Lair:2   | Noticed an elephant
  6885 | Lair:2   | Noticed an elephant
  6888 | Lair:2   | Noticed an elephant
  6898 | Lair:2   | Killed an elephant
  6898 | Lair:2   | Reached skill level 5 in Armour
  6916 | Lair:2   | Noticed an elephant
  6952 | Lair:2   | Killed an elephant
  6955 | Lair:2   | Killed an elephant
  6955 | Lair:2   | Reached skill level 6 in Fighting
  6955 | Lair:2   | Reached XP level 11. HP: 48/56 MP: 22/22
  6961 | Lair:2   | Killed an elephant
  6961 | Lair:2   | Reached skill level 12 in Short Blades
  6968 | Lair:2   | Reached skill level 6 in Evocations
  7281 | Lair:2   | Found an iron altar of Okawaru.
  7335 | Lair:2   | Noticed a black mamba
  7353 | Lair:2   | Killed a black mamba
  7353 | Lair:2   | HP: 14/58 [poisoned by a black mamba]
  7601 | Lair:2   | Received a gift from Trog
  7629 | Lair:2   | Noticed a black mamba
  7641 | Lair:2   | Killed a black mamba
  7654 | Lair:2   | HP: 21/87 [poisoned by a black mamba]
  7659 | Lair:2   | HP: 17/87 [poisoned by a black mamba]
  7664 | Lair:2   | HP: 8/58 [poisoned by a black mamba]
  7669 | Lair:2   | HP: 3/58 [poisoned by a black mamba]
  7674 | Lair:2   | HP: 2/58 [poisoned by a black mamba]
  7680 | Lair:2   | HP: 3/58 [poisoned by a black mamba]
  7686 | Lair:2   | HP: 5/58 [poisoned by a black mamba]
  7692 | Lair:2   | HP: 8/58 [poisoned by a black mamba]
  8207 | Lair:3   | Reached skill level 6 in Armour
  8309 | Lair:3   | Killed an elephant
  8430 | Lair:3   | Found a labyrinth entrance.
  8589 | Lair:3   | Reached skill level 7 in Fighting
  8612 | Lab      | Entered a labyrinth
  8746 | Lab      | Reached skill level 7 in Evocations
  8756 | Lab      | HP: 14/58 [poisoned by a trapdoor spider]
  8761 | Lab      | HP: 12/58 [poisoned by a trapdoor spider]
  8766 | Lab      | HP: 11/58 [poisoned by a trapdoor spider]
  8772 | Lab      | HP: 12/58 [poisoned by a trapdoor spider]
  8778 | Lab      | HP: 13/58 [poisoned by a trapdoor spider]
  9107 | Lab      | Noticed a minotaur
  9112 | Lab      | Killed a minotaur
  9112 | Lab      | Reached skill level 13 in Short Blades
  9112 | Lab      | Gained mutation: You regenerate. [vine stalker growth]
  9112 | Lab      | Reached XP level 12. HP: 63/63 MP: 24/24
  9371 | Lair:3   | Noticed Rupert
  9383 | Lair:3   | Killed Rupert
  9732 | Lair:3   | Noticed a necromancer
  9743 | Lair:3   | Killed a necromancer
 10061 | Lair:4   | Reached skill level 7 in Armour
 10086 | Lair:4   | Received a gift from Trog
 10144 | Lair:4   | Noticed a four-headed hydra
 10156 | Lair:4   | Killed a seven-headed hydra
 10166 | Lair:4   | Identified a +8 rod of ignition (14/14) (You found it in a labyrinth)
 10240 | Lair:4   | Reached skill level 8 in Evocations
 10458 | Lair:4   | Reached skill level 8 in Fighting
 10953 | Lair:5   | Reached skill level 14 in Short Blades
 11207 | Lair:6   | Reached XP level 13. HP: 39/68 MP: 26/26
 11794 | Lair:6   | Received a gift from Trog
 11867 | Lair:6   | Found a staircase to the Snake Pit.
 12392 | Lair:7   | Reached skill level 9 in Fighting
 12416 | Lair:7   | Reached skill level 8 in Armour
 12602 | Lair:7   | Reached skill level 9 in Evocations
 13186 | Lair:8   | Entered Level 8 of the Lair of Beasts
 13195 | Lair:8   | Received a gift from Trog
 13208 | Lair:8   | Found a viscous altar of Jiyva.
 13208 | Lair:8   | Found a staircase to the Slime Pits.
 13410 | Lair:8   | Noticed Fannar
 13413 | Lair:8   | Killed Fannar
 13413 | Lair:8   | Reached skill level 10 in Fighting
 13848 | Lair:8   | Noticed a dire elephant
 13872 | Lair:8   | Killed a dire elephant
 14021 | Lair:8   | Found a burning altar of Makhleb.
 14056 | Lair:8   | Reached XP level 14. HP: 67/77 MP: 28/28
 14170 | Lair:8   | Received a gift from Trog
 14228 | Lair:8   | Found a gateway to Hell.
 14251 | Lair:8   | Got a heavily runed helmet
 14256 | Lair:8   | Identified the -2 helmet of the Orb {Str+4} (You found it on level 8 of the Lair of Beasts)
 14337 | Lair:8   | Reached skill level 10 in Evocations
 15800 | D:10     | Entered Level 10 of the Dungeon
 16079 | D:10     | Noticed Harold
 16095 | D:10     | Killed Harold
 16095 | D:10     | Reached skill level 11 in Fighting
 16387 | D:11     | Found a staircase to the Orcish Mines.
 16387 | D:11     | Noticed kaze's ghost (powerful OgHu)
 16405 | D:11     | Killed kaze's ghost
 16456 | D:11     | Received a gift from Trog
 16522 | D:11     | Reached skill level 9 in Armour
 16949 | D:11     | Found a roughly hewn altar of Beogh.
 17399 | Orc:1    | Entered Level 1 of the Orcish Mines
 17418 | Orc:1    | Received a gift from Trog
 17580 | Orc:1    | Found a roughly hewn altar of Beogh.
 17615 | Orc:1    | Found Usoyxiopn's Armour Emporium.
 17651 | Orc:1    | Bought a +0 shield for 67 gold pieces
 17651 | Orc:1    | Bought a +2 pair of boots of running for 622 gold pieces
 17773 | Orc:1    | Found Bin Okot's Book Shoppe.
 18093 | Orc:2    | Noticed Josephine
 18096 | Orc:2    | Killed Josephine
 18096 | Orc:2    | Reached skill level 1 in Shields
 18167 | Orc:2    | Received a gift from Trog
 18956 | Orc:4    | Entered Level 4 of the Orcish Mines
 18957 | Orc:4    | Found a roughly hewn altar of Beogh.
 19135 | Orc:4    | Received a gift from Trog
 19149 | Orc:4    | Reached skill level 2 in Shields
 19152 | Orc:4    | Found a roughly hewn altar of Beogh.
 19153 | Orc:4    | Noticed Urug
 19181 | Orc:4    | Noticed Saint Roka
 19197 | Orc:4    | HP: 20/118 [orc warrior/glaive (13)]
 19200 | Orc:4    | HP: 7/79 [orc wizard/puff of flame[Saint Roka] (5)]
 19372 | Orc:3    | Found a staircase to the Elven Halls.
 19406 | Orc:3    | Found a burning altar of Makhleb.
 19787 | Orc:1    | Bought a +3 scale mail of poison resistance for 345 gold pieces
 20102 | Lair:8   | Reached skill level 3 in Shields
 20709 | Lair:5   | Found a staircase to the Swamp.
 20745 | Swamp:1  | Entered Level 1 of the Swamp
 20794 | Swamp:1  | Reached skill level 15 in Short Blades
 20930 | Swamp:1  | Received a gift from Trog
 20992 | Swamp:1  | Reached XP level 15. HP: 62/84 MP: 30/30
 21089 | Swamp:1  | Identified 2 scrolls of acquirement
 21114 | Swamp:1  | Got a twisted helmet
 21118 | Swamp:1  | Identified the +1 helmet of Tetops {rN+ Acc+5} (You acquired it on level 1 of the Swamp)
 21248 | Swamp:1  | Reached skill level 4 in Shields
 21421 | Swamp:1  | HP: 19/84 [spiny frog (11)]
 21426 | Swamp:1  | HP: 27/126 [alligator (5)]
 21710 | Swamp:1  | Reached skill level 11 in Evocations
 22128 | Swamp:2  | Reached skill level 5 in Shields
 22286 | Swamp:2  | Received a gift from Trog
 22437 | Swamp:2  | Reached skill level 12 in Fighting
 22578 | Swamp:2  | Reached skill level 10 in Armour
 22592 | Swamp:2  | Gained mutation: You have sharp toenails. [potion of beneficial mutation]
 22664 | Swamp:2  | Reached skill level 6 in Shields
 23106 | Swamp:3  | HP: 31/126 [spriggan druid/angry trees (6)]
 23111 | Swamp:3  | HP: 17/84 [raven[a spriggan druid] (3)]
 24152 | Swamp:4  | Reached skill level 7 in Shields
 24328 | Swamp:4  | Received a gift from Trog
 24356 | Swamp:4  | Reached XP level 16. HP: 86/88 MP: 31/31
 24530 | Swamp:4  | Noticed Jorgrun
 24567 | Swamp:4  | Killed Jorgrun
 24967 | Swamp:4  | Reached skill level 8 in Shields
 25138 | Swamp:5  | Entered Level 5 of the Swamp
 25243 | Swamp:5  | HP: 33/135 [giant leech (13)]
 25252 | Swamp:5  | HP: 28/135 [spriggan/dagger[a spriggan druid] (2)]
 25259 | Swamp:5  | HP: 21/135 [alligator[a spriggan druid] (5)]
 25599 | Swamp:5  | Noticed Louise
 25600 | Swamp:5  | Noticed Wiglaf
 25804 | Swamp:5  | Killed Wiglaf
 25853 | Swamp:5  | Cast into the Abyss (Louise)
 25956 | Abyss:1  | Found a corrupted altar of Lugonu.
 25968 | Abyss:1  | Noticed a tentacled starspawn
 26140 | Abyss:1  | Gained mutation: You tend to lose your temper in combat. [a shining eye]
 26174 | Abyss:1  | Noticed a tentacled starspawn
 26245 | Abyss:1  | Reached skill level 16 in Short Blades
 26297 | Abyss:1  | Noticed a profane servitor
 26416 | Abyss:1  | Reached skill level 9 in Shields
 26542 | Abyss:1  | Received a gift from Trog
 26620 | Abyss:1  | Noticed a tentacled starspawn
 26784 | Swamp:5  | Escaped the Abyss
 26934 | Swamp:5  | Killed Louise
 26934 | Swamp:5  | Reached skill level 11 in Armour
 26936 | Swamp:5  | Got a dazzling large shield
 26972 | Swamp:5  | Identified the +2 large shield of Awe {Int+4} (You took it off Louise on level 5 of the Swamp)
 26986 | Swamp:5  | Gained mutation: You are agile. (Dex +2) [potion of mutation]
 26986 | Swamp:5  | Gained mutation: You have a pair of small horns on your head. [potion of mutation]
 26986 | Swamp:5  | Gained mutation: You are dopey. (Int -2) [potion of mutation]
 27284 | Lair:2   | Lost mutation: You are dopey. (Int -2) [potion of cure mutation]
 27284 | Lair:2   | Lost mutation: You are agile. (Dex +2) [potion of cure mutation]
 27284 | Lair:2   | Lost mutation: You have a pair of small horns on your head. [potion of cure mutation]
 27284 | Lair:2   | Lost mutation: You tend to lose your temper in combat. [potion of cure mutation]
 27284 | Lair:2   | Lost mutation: You have sharp toenails. [potion of cure mutation]
 27920 | Swamp:5  | Got a decaying rune of Zot
 27922 | Swamp:5  | Upgraded the game from 0.15-a0-895-g19c7863 to 0.15-a0-910-gf78ccf3
 27955 | Swamp:5  | rosavanwinkle: hey i m here
 28174 | Snake:1  | Entered Level 1 of the Snake Pit
 28201 | Snake:1  | Noticed Donald
 28233 | Snake:1  | Killed Donald
 28233 | Snake:1  | Reached XP level 17. HP: 94/94 MP: 32/32
 28369 | Snake:1  | Got a warped steel ring
 28371 | Snake:1  | Identified the ring "Piedgh" {+Blink +Fly Stlth+} (You acquired it on level 1 of the Snake Pit)
 28390 | Snake:1  | Found an opulent altar of Gozag.
 28523 | Snake:1  | Got a vibrating emerald amulet
 28524 | Snake:1  | Identified the amulet "Istrigh" {rCorr rPois} (You found it on level 1 of the Snake Pit)
 28566 | Snake:1  | Reached skill level 10 in Shields
 28760 | Snake:1  | Noticed Maud
 28778 | Snake:1  | Killed Maud
 28954 | Snake:1  | Reached skill level 13 in Fighting
 29158 | Snake:2  | Received a gift from Trog
 29186 | Snake:2  | Found Saobiun's Book Emporium.
 29372 | Snake:2  | Noticed Aizul
 29397 | Snake:2  | Killed Aizul
 30227 | Snake:3  | Reached skill level 11 in Shields
 30266 | Snake:3  | Noticed Agnes
 30278 | Snake:3  | Killed Agnes
 30449 | Snake:3  | Received a gift from Trog
 31383 | Snake:4  | Reached XP level 18. HP: 81/100 MP: 28/32
 31485 | Snake:4  | Received a gift from Trog
 31632 | Snake:4  | Reached skill level 12 in Shields
 31912 | Snake:4  | Reached skill level 12 in Armour
 32094 | Snake:5  | Entered Level 5 of the Snake Pit
 32102 | Snake:5  | Noticed Vashnia
 32123 | Snake:5  | Killed Vashnia
 32850 | Orc:4    | Killed Urug
 32874 | Orc:4    | Killed Saint Roka
 32927 | Orc:4    | Found Nepyxyud's Antique Weapon Shoppe.
 32930 | Orc:4    | Received a gift from Trog
 33092 | Orc:4    | Found Heiklej's Antique Armour Shoppe.
 33103 | Orc:4    | Bought a glowing plate armour for 621 gold pieces
 33215 | Orc:4    | Found Bankac's General Store.
 33221 | Orc:4    | Bought the ring of the Jolly Ghosts {Str+4 Dex-1 SInv} for 396 gold pieces
 33221 | Orc:4    | Bought a scroll of enchant armour for 105 gold pieces
 33280 | Orc:4    | Found Clallaip's Book Shoppe.
 33680 | Snake:5  | Noticed Roxanne
 33695 | Snake:5  | Killed Roxanne
 33695 | Snake:5  | Reached skill level 17 in Short Blades
 33838 | Snake:5  | Noticed Kirke
 33852 | Snake:5  | Killed Kirke
 33885 | Snake:5  | Reached skill level 14 in Fighting
 34051 | Snake:5  | Reached skill level 13 in Shields
 34261 | Snake:5  | Received a gift from Trog
 34569 | Snake:5  | Got a serpentine rune of Zot
 35021 | Elf:1    | Entered Level 1 of the Elven Halls
 35075 | Elf:1    | Found a frozen archway.
 35497 | Elf:1    | Reached XP level 19. HP: 106/106 MP: 33/33
 35749 | Elf:1    | Received a gift from Trog
 35823 | IceCv    | Entered an ice cave
 36717 | Elf:2    | Got a warped glass ring
 36719 | Elf:2    | Identified the ring of Cuhetici {Wiz rElec rF+ MR++ Int+2 SInv} (You found it on level 2 of the Elven Halls)
 36739 | Elf:2    | Received a gift from Trog
 36992 | Elf:2    | Found a burning altar of Makhleb.
 37132 | Elf:3    | Entered Level 3 of the Elven Halls
 37339 | Elf:3    | Found a radiant altar of Vehumet.
 37422 | Elf:3    | Found Yhiudiqi's Magic Scroll Boutique.
 37463 | Elf:3    | Received a gift from Trog
 37592 | Elf:3    | Reached skill level 14 in Shields
 37741 | Elf:3    | Reached skill level 13 in Armour
 38026 | Elf:3    | HP: 21/107 [deep elf sorcerer/blast of hellfire (31)]
 38032 | Elf:3    | HP: 17/107 [deep elf demonologist/long sword (1)]
 38035 | Elf:3    | Killed from afar by a deep elf death mage

Vanquished Creatures
  Saint Roka (Orc:4)
  Vashnia (Snake:5)
  4 deep elf blademasters (Elf:3)
  2 deep elf master archers (Elf:3)
  Rupert (Lair:3)
  Agnes (Snake:3)
  Kirke (Snake:5)
  An azure jelly (Swamp:5)
  Roxanne (Snake:5)
  7 greater nagas
  Donald (Snake:1)
  Wiglaf (Swamp:5)
  Maud (Snake:1)
  Louise (Swamp:5)
  A deep elf sorcerer (Elf:3)
  Jorgrun (Swamp:4)
  Aizul (Snake:2)
  A starcursed mass (Abyss:1)
  A deep elf demonologist (Elf:3)
  The ghost of kaze the Basher, a powerful OgHu of Nemelex Xobeh (D:11)
  A dire elephant (Lair:8)
  5 deep elf annihilators (Elf:3)
  A minotaur (Lab)
  2 deep elf death magi (Elf:3)
  Josephine (Orc:2)
  3 deep elf high priests
  9 hydras
  2 blizzard demons (IceCv)
  Fannar (Lair:8)
  Harold (D:10)
  A ravenous item mimic (Swamp:5)
  3 ice dragons (Swamp:5)
  19 naga warriors
  8 anacondas
  4 shambling mangroves
  15 alligators
  An orc high priest (Orc:4)
  19 naga sharpshooters
  2 thrashing horrors
  A very ugly thing (Swamp:4)
  Urug (Orc:4)
  6 shock serpents
  2 spectral elves (Elf:3)
  12 deep elf knights
  6 ice devils
  A sun demon (Lair:8)
  A salamander mystic (Snake:4)
  An unseen horror (D:11)
  4 deep elf summoners
  3 spriggan druids
  2 swamp dragons
  A hill giant (D:11)
  2 ice statues (IceCv)
  A giant orange brain (Abyss:1)
  9 large abominations
  A lindwurm (Lair:1)
  A necromancer (Lair:3)
  10 naga ritualists
  8 mana vipers
  14 deep elf conjurers
  2 orc sorcerers (Orc:4)
  A wolf spider (Lair:8)
  The ghost of oplop the Covert, an experienced KoEn of Dithmenos (D:8)
  2 griffons (Lair:8)
  A wizard (Lair:8)
  5 orc knights
  2 red wasps
  12 salamanders
  2 guardian serpents
  14 elephants
  A smoke demon (Abyss:1)
  5 orange demons
  32 black mambas
  2 sixfirhies
  A gargoyle (D:11)
  22 spiny frogs
  17 naga magi
  A kobold demonologist (D:11)
  8 komodo dragons
  2 red devils (Lair:8)
  4 fire drakes
  A troll (Orc:4)
  4 freezing wraiths (Swamp:5)
  A hellwing (Lair:8)
  2 polar bears
  A boggart (shapeshifter) (Elf:1)
  4 deep elf priests
  10 giant fireflies
  9 giant leeches
  A boulder beetle (Lair:7)
  14 slime creatures
  9 blink frogs
  11 baby alligators
  A two-headed ogre (D:10)
  4 basilisks
  A raven (shapeshifter) (Elf:3)
  5 ravens
  11 blue devils
  8 bog bodies
  A trapdoor spider (Lab)
  A raiju (Abyss:1)
  A brown ooze (shapeshifter) (Abyss:1)
  5 redbacks (Lair:7)
  13 spriggans
  A shark (Orc:2)
  29 yaks
  6 ugly things
  2 elephant slugs
  Eustachio (D:7)
  21 deep elf magi
  A hog (Snake:5)
  30 vampire mosquitoes
  3 hungry ghosts
  2 wyverns
  2 chaos spawn
  5 wargs
  16 deep elf fighters
  8 hippogriffs
  3 swamp worm simulacra (Swamp:5)
  Edmund (D:6)
  2 hell hounds
  2 wolves (Lair:8)
  A mottled dragon (D:11)
  22 swamp worms
  12 hydra simulacra (Swamp:5)
  68 nagas
  A harpy simulacrum (Abyss:1)
  36 water moccasins
  8 swamp drakes
  27 orc warriors
  2 sky beasts
  A necrophage (D:10)
  2 small abominations (Abyss:1)
  14 ogres
  15 porcupines
  6 ice beasts
  6 phantoms
  3 yellow wasps
  A swamp dragon skeleton (Abyss:1)
  A centaur (D:11)
  A big kobold (D:11)
  A boring beetle (D:8)
  Sigmund (D:2)
  Duvessa (D:7)
  17 crocodiles
  15 giant slugs
  Blork the orc (D:7)
  21 insubstantial wisps
  13 giant frogs
  4 scorpions
  A cyclops skeleton (D:11)
  A wyvern skeleton (D:11)
  3 crimson imps
  A hippogriff skeleton (D:10)
  20 killer bees
  3 quasits
  A goliath beetle (D:10)
  Dowan (D:7)
  7 big fish
  3 iron imps
  3 jellies
  21 orc priests
  13 hounds
  5 worker ants
  Natasha (thrice) (D:5)
  4 iguanas
  4 wolf simulacra (Lair:3)
  A black bear skeleton (D:5)
  25 orc wizards
  A killer bee zombie (D:11)
  An orange rat (Elf:3)
  3 polar bear simulacra (Lair:3)
  7 sheep (Lair:8)
  3 yak simulacra (Lair:3)
  A crocodile skeleton (D:10)
  An electric eel (Lair:5)
  An ogre skeleton (D:10)
  55 green rats
  A worker ant zombie (D:9)
  22 adders
  A worm zombie (D:5)
  7 giant mites
  7 white imps
  A shadow imp (D:5)
  2 worms
  5 swamp drake simulacra (Swamp:5)
  8 ufetubi
  10 giant geckos
  2 oozes
  128 orcs
  6 ball pythons
  2 giant cockroaches
  14 hobgoblins
  24 jackals
  17 bats
  7 giant newts
  15 goblins
  A goblin zombie (Orc:2)
  A green rat simulacrum (Lair:3)
  A hobgoblin simulacrum (Orc:2)
  A hobgoblin zombie (D:5)
  17 kobolds
  2 orc skeletons
  3 orc zombies (Orc:2)
  11 quokkas
  28 rats
  4 crawling corpses
  A plant (Lair:8)
1448 creatures vanquished.

Vanquished Creatures (collateral kills)
  A naga warrior (Snake:4)
  A water moccasin (Swamp:1)
2 creatures vanquished.

Vanquished Creatures (others)
  A hydra (Swamp:5)
  2 humans (Snake:5)
  2 vampire mosquitoes (Swamp:5)
  A white imp (IceCv)
  3 ufetubi (IceCv)
  3 plants
  7 starspawn tentacles (Abyss:1)
  72 starspawn tentacle segments (Abyss:1)
91 creatures vanquished.

Grand Total: 1541 creatures vanquished
